Coyotes vs Stars

Created - Friday, January 02, 2015 at 00:03

Goals
1 2 3 T
Coyotes 0 1 3 4
Stars 1 3 1 5
Shots
1 2 3 T
Coyotes 5 3 15 23
Stars 6 15 7 28

1st period

1. Stars , Daniel Cleary 6 (Michael Ryder) at 17:33 (PP)

Penalties :
Zach Sill (Dal) for Slashing (Minor) at 3:34, Brandon Kozun (Dal) for High sticking (Minor) at 7:44, Jaden Schwartz (Ari) for Holding (Minor) at 17:30

2nd period

2. Stars , Cory Conacher 5 (John Moore, Patrick Eaves) at 1:35
3. Stars , Daniel Cleary 7 (Michael Ryder) at 2:46 (PP)
4. Coyotes , Tom Gilbert 10 (Jaden Schwartz, David Jones) at 3:22
5. Stars , Brian Boyle 7 (Dmitry Orlov, Miikka Salomaki) at 18:50

Penalties :
Michael Kostka (Ari) for Holding (Minor) at 2:45, Sean Monahan (Ari) for Interference (Minor) at 14:30, Miikka Salomaki (Dal) for Hooking (Minor) at 19:40

3rd period

6. Coyotes , Eric Nystrom 6 (Tom Gilbert, Pierre-Marc Bouchard) at 0:48 (PP)
7. Coyotes , Eric Nystrom 7 (T.J. Brennan, Pierre-Marc Bouchard) at 3:13 (PP)
8. Coyotes , Eric Nystrom 8 (Michael Kostka) at 8:24 (SH)
9. Stars , Cory Conacher 6 (Patrick Eaves) at 17:01 (PP)

Penalties :
Aaron Johnson (Dal) for Goalie Interference (Minor) at 1:58, Brandon Kozun (Dal) for Boarding (Minor) at 3:51, Aaron Palushaj (Ari) for Interference (Minor) at 7:31, Michael Ryder (Dal) for High sticking (Minor) at 11:32, T.J. Brennan (Ari) for High sticking (Double Minor) at 13:22

Goalie Stats

Mike McKenna (Ari), 23 saves from 28 shots - (0.821), L, 1-2-0, 59:06 minutes
Joacim Eriksson (Dal), 19 saves from 23 shots - (0.826), W, 3-11-0, 60:00 minutes

Players Stats for Coyotes

Player Name              G  A  P  +/- PIM S  H  SB GA TA FO     MP     PP MP  PK MP  
------------------------------------------------------------------------------------
Aaron Palushaj           0  0  0   0  2   1  0  0  0  0  0/0     9:48   0:00   0:00 
Dale Weise               0  0  0   0  0   0  0  0  0  0  1/2     0:25   0:00   0:16 
David Jones              0  1  1   1  0   2  3  0  2  0  0/0    20:42   5:20   1:09 
Drayson Bowman           0  0  0   0  0   0  0  0  0  0  0/0     5:12   0:00   0:00 
Eric Nystrom             3  0  3  -1  0   6  1  0  2  2  0/1    21:53   4:50   5:06 
Evan Oberg               0  0  0   0  0   0  0  1  0  0  0/0    15:18   0:00   3:17 
Jaden Schwartz           0  1  1   1  2   1  1  2  6  0  0/1    23:43   5:20   2:56 
Joakim Andersson         0  0  0  -2  0   0  0  0  1  0  5/11   12:27   0:00   0:00 
Markus Granlund          0  0  0   0  0   1  3  1  1  1  8/21   21:19   4:50   3:27 
Matt Gilroy              0  0  0  -1  0   0  0  1  0  1  0/0    14:35   0:00   0:00 
Michael Kostka           0  1  1   1  2   2  3  0  0  1  0/0    26:54   7:15   4:15 
Michal Jordan            0  0  0   0  0   1  0  0  0  1  0/0    16:19   2:55   1:14 
Paul Byron               0  0  0   0  0   1  0  1  0  0  0/0     6:20   0:00   0:00 
Pierre-Marc Bouchard     0  2  2  -2  0   2  0  0  3  0  1/1    17:29   4:50   0:00 
Sean Monahan             0  0  0   1  2   0  0  0  0  0  1/1    10:48   0:00   1:02 
Stephen Weiss            0  0  0   1  0   1  0  0  0  0  21/28  22:10   5:20   1:08 
T.J. Brennan             0  1  1   0  4   0  2  5  0  0  0/0    19:45   2:54   1:59 
Tom Gilbert              1  1  2   0  0   5  2  4  0  0  0/0    27:07   7:15   4:19 

Players Stats for Stars

Player Name              G  A  P  +/- PIM S  H  SB GA TA FO     MP     PP MP  PK MP  
------------------------------------------------------------------------------------
Aaron Johnson            0  0  0   0  2   3  1  0  0  1  0/0    12:46   0:00   0:00 
Brandon Kozun            0  0  0   1  4   0  1  0  1  0  0/1     6:41   0:00   0:00 
Brett Ritchie            0  0  0   0  0   2  0  0  0  0  1/1    14:25   3:49   0:00 
Brian Boyle              1  0  1   1  0   2  3  0  1  0  4/6    11:47   0:26   0:09 
Cory Conacher            2  0  2  -1  0   6  0  0  5  1  2/2    18:50   3:31   2:43 
Daniel Cleary            2  0  2   0  0   4  1  0  2  0  1/4    19:57   3:49   2:43 
Dmitry Orlov             0  1  1   0  0   0  0  1  0  0  0/0    10:45   0:00   0:00 
Eric Brewer              0  0  0   1  0   0  1  2  1  3  0/0    28:16   4:03   7:16 
Erik Haula               0  0  0   0  0   2  2  0  0  0  4/11   12:44   0:00   0:00 
Ian Cole                 0  0  0   0  0   0  0  1  0  1  0/0    19:30   4:03   2:54 
Jakub Kindl              0  0  0  -1  0   0  0  0  1  0  0/0     8:08   3:29   0:00 
Joe Corvo                0  0  0  -1  0   5  0  1  0  1  0/0    20:59   3:29   2:54 
John Moore               0  1  1   1  0   0  1  0  2  1  0/0    19:35   0:00   7:16 
Michael Ryder            0  2  2   0  2   2  1  0  1  0  6/12   20:45   3:55   0:00 
Miikka Salomaki          0  1  1   1  2   0  1  1  1  1  0/0     8:02   0:00   0:24 
Patrick Eaves            0  2  2  -1  0   1  1  2  1  0  1/3    23:33   3:43   7:03 
Rob Klinkhammer          0  0  0  -1  0   1  0  2  1  0  4/15   20:17   3:23   7:18 
Zach Sill                0  0  0   0  2   0  2  1  0  0  6/11   12:35   0:00   0:00 

3 Stars

1 - Eric Nystrom (Ari)
2 - Daniel Cleary (Dal)
3 - Tom Gilbert (Ari)

Power Play

Coyotes - 2 on 6 Attempt(s) - 33.33%
Stars - 3 on 6 Attempt(s) - 50.00%

Penalty Kill

Coyotes - 3 on 6 Attempt(s) - 50.00% - Score 1 goal in Penalty Kill
Stars - 4 on 6 Attempt(s) - 66.67% - Score 0 goal in Penalty Kill

Team Stat

Coyotes - Hits : 15 - Faceoff Wins : 37 - Blocked Shots : 15 - Penalty Minutes : 12
Stars - Hits : 15 - Faceoff Wins : 29 - Blocked Shots : 11 - Penalty Minutes : 12

Official

Referees : Unknown
Linesman : Unknown

Game Notes

Eric Nystrom has scored a Hat Trick!

Finance

Level 1 -- Attendance: 4360 (72.67%) -- Ticket Income $436,000
Level 2 -- Attendance: 3785 (75.70%) -- Ticket Income $227,100
Level 3 -- Attendance: 1368 (68.40%) -- Ticket Income $47,880
Level 4 -- Attendance: 3275 (81.88%) -- Ticket Income $65,500
Luxury Box -- Attendance: 749 (74.90%) -- Ticket Income $149,800
Game was played at the American Airlines Arena'
Total Attendance: 13537 (75.21%)
Total Ticket Income: $926,280
Other Income: $453,877
Total Income: $1,380,157

Coyotes

5 vs 5 Forward 
   Center                   Left Wing                Right Wing               Time % Phy DF OF 
 1 Stephen Weiss            Jaden Schwartz           David Jones              35     1   2  2  
 2 Joakim Andersson         Eric Nystrom             Pierre-Marc Bouchard     30     1   2  2  
 3 Markus Granlund          Sean Monahan             Aaron Palushaj           22     1   2  2  
 4 Markus Granlund          Paul Byron               Drayson Bowman           13     1   2  2  

5 vs 5 Defense 
   Defense                  Defense                                           Time % Phy DF OF 
 1 Tom Gilbert              Michael Kostka                                    35     1   2  2  
 2 T.J. Brennan             Matt Gilroy                                       30     1   2  2  
 3 Evan Oberg               Michal Jordan                                     22     1   2  2  
 4 Tom Gilbert              Michael Kostka                                    13     1   2  2  

PowerPlay Forward 
   Center                   Left Wing                Right Wing               Time % Phy DF OF 
 1 Stephen Weiss            Jaden Schwartz           David Jones              60     1   2  2  
 2 Markus Granlund          Pierre-Marc Bouchard     Eric Nystrom             40     1   2  2  

PowerPlay Defense
   Defense                  Defense                                           Time % Phy DF OF 
 1 Tom Gilbert              Michael Kostka                                    60     1   2  2  
 2 T.J. Brennan             Michal Jordan                                     40     1   2  2  

Penalty Kill 4 Players Forward 
   Center                   Wing                     Time % Phy DF OF 
 1 Markus Granlund          Eric Nystrom             60     1   2  2  
 2 Stephen Weiss            Jaden Schwartz           40     1   2  2  

Penalty Kill 4 Players Defense
   Defense                  Defense                  Time % Phy DF OF 
 1 Evan Oberg               Tom Gilbert              60     1   2  2  
 2 T.J. Brennan             Michael Kostka           40     1   2  2  

Penalty Kill - 3 Players Forward 
   Forward                                           Time % Phy DF OF 
 1 Markus Granlund                                   60     1   2  2  
 2 Stephen Weiss                                     40     1   2  2  

Penalty Kill - 3 Players Defense
   Defense                  Defense                  Time % Phy DF OF 
 1 Evan Oberg               Tom Gilbert              60     1   2  2  
 2 Matt Gilroy              Michael Kostka           40     1   2  2  

4 vs 4 Forward 
   Center                   Wing                     Time % Phy DF OF 
 1 Dale Weise               Jaden Schwartz           60     1   2  2  
 2 Stephen Weiss            David Jones              40     1   2  2  

4 vs 4 Defense
   Defense                  Defense                  Time % Phy DF OF 
 1 Tom Gilbert              Michael Kostka           60     1   2  2  
 2 Evan Oberg               T.J. Brennan             40     1   2  2  

Last Minutes Offensive
   Center                   Left Wing                Right Wing               Defense                  Defense                  
   Stephen Weiss            Jaden Schwartz           Joakim Andersson         Tom Gilbert              Michael Kostka           

Last Minutes Defensive
   Center                   Left Wing                Right Wing               Defense                  Defense                  
   Joakim Andersson         Jaden Schwartz           Eric Nystrom             T.J. Brennan             Tom Gilbert              

Goaltenders
Starting : Mike McKenna             
Backup : Magnus Hellberg          

Extra Forwards
Normal : Pierre-Marc Bouchard, Stephen Weiss, Eric Nystrom - PP : Stephen Weiss, Eric Nystrom - PK : Jaden Schwartz
Extra Defensemen
Normal : Tom Gilbert, Michael Kostka, Evan Oberg - PP : Evan Oberg - PK : Tom Gilbert, Evan Oberg
Penalty Shots
Jaden Schwartz, David Jones, Eric Nystrom, Pierre-Marc Bouchard, Markus Granlund

Stars

5 vs 5 Forward 
   Center                   Left Wing                Right Wing               Time % Phy DF OF 
 1 Erik Haula               Michael Ryder            Daniel Cleary            35     1   2  2  
 2 Zach Sill                Cory Conacher            Patrick Eaves            30     1   2  2  
 3 Brian Boyle              Rob Klinkhammer          Brett Ritchie            22     1   2  2  
 4 Michael Ryder            Miikka Salomaki          Brandon Kozun            13     1   2  2  

5 vs 5 Defense 
   Defense                  Defense                                           Time % Phy DF OF 
 1 Eric Brewer              John Moore                                        35     1   2  2  
 2 Aaron Johnson            Joe Corvo                                         30     1   2  2  
 3 Ian Cole                 Dmitry Orlov                                      22     1   2  2  
 4 Jakub Kindl              Eric Brewer                                       13     1   2  2  

PowerPlay Forward 
   Center                   Left Wing                Right Wing               Time % Phy DF OF 
 1 Michael Ryder            Brett Ritchie            Daniel Cleary            60     1   2  2  
 2 Rob Klinkhammer          Cory Conacher            Patrick Eaves            40     1   2  2  

PowerPlay Defense
   Defense                  Defense                                           Time % Phy DF OF 
 1 Eric Brewer              Ian Cole                                          60     1   2  2  
 2 Jakub Kindl              Joe Corvo                                         40     1   2  2  

Penalty Kill 4 Players Forward 
   Center                   Wing                     Time % Phy DF OF 
 1 Rob Klinkhammer          Patrick Eaves            60     1   2  2  
 2 Daniel Cleary            Cory Conacher            40     1   2  2  

Penalty Kill 4 Players Defense
   Defense                  Defense                  Time % Phy DF OF 
 1 Eric Brewer              John Moore               60     1   2  2  
 2 Ian Cole                 Joe Corvo                40     1   2  2  

Penalty Kill - 3 Players Forward 
   Forward                                           Time % Phy DF OF 
 1 Daniel Cleary                                     60     1   2  2  
 2 Cory Conacher                                     40     1   2  2  

Penalty Kill - 3 Players Defense
   Defense                  Defense                  Time % Phy DF OF 
 1 Eric Brewer              Jakub Kindl              60     1   2  2  
 2 Ian Cole                 Joe Corvo                40     1   2  2  

4 vs 4 Forward 
   Center                   Wing                     Time % Phy DF OF 
 1 Patrick Eaves            Rob Klinkhammer          60     1   2  2  
 2 Daniel Cleary            Cory Conacher            40     1   2  2  

4 vs 4 Defense
   Defense                  Defense                  Time % Phy DF OF 
 1 Eric Brewer              Ian Cole                 60     1   2  2  
 2 John Moore               Joe Corvo                40     1   2  2  

Last Minutes Offensive
   Center                   Left Wing                Right Wing               Defense                  Defense                  
   Erik Haula               Michael Ryder            Daniel Cleary            Eric Brewer              John Moore               

Last Minutes Defensive
   Center                   Left Wing                Right Wing               Defense                  Defense                  
   Erik Haula               Michael Ryder            Daniel Cleary            Eric Brewer              John Moore               

Goaltenders
Starting : Joacim Eriksson          
Backup : Nikolai Khabibulin       

Extra Forwards
Normal : Rob Klinkhammer, Brett Ritchie, Miikka Salomaki - PP : Rob Klinkhammer, Brett Ritchie - PK : Miikka Salomaki
Extra Defensemen
Normal : Ian Cole, Joe Corvo, Eric Brewer - PP : Ian Cole - PK : Joe Corvo, Eric Brewer
Penalty Shots
Rob Klinkhammer, Brett Ritchie, Daniel Cleary, Cory Conacher, Patrick Eaves

% Time on Ice - Coyotes

Lines # - Real PCT - Wanted PCT - Time Play
Normal Forward
1 - 35% - 35% - 14:13
2 - 29% - 30% - 12:05
3 - 24% - 22% - 9:41
4 - 13% - 13% - 5:12
Normal Defense
1 - 30% - 35% - 12:14
2 - 36% - 30% - 14:52
3 - 29% - 22% - 11:53
4 - 5% - 13% - 2:12
PP Forward
1 - 52% - 60% - 5:20
2 - 48% - 40% - 4:50
PP Defense
1 - 71% - 60% - 7:15
2 - 29% - 40% - 2:55
PK Forward
1 - 91% - 60% - 6:53
2 - 9% - 40% - 0:39
PK Defense
1 - 74% - 60% - 5:33
2 - 26% - 40% - 1:59
PK3 Forward
1 - 0% - 60%
2 - 0% - 40%
PK3 Defense
1 - 0% - 60%
2 - 0% - 40%
44 Forward
1 - 100% - 60% - 0:09
2 - 0% - 40% - 0:00
44 Defense
1 - 100% - 60% - 0:09
2 - 0% - 40% - 0:00
Last Minute Offensive  - 0:58
Last Minute Defensive  - 0:00
Total
Forward - 60:00
Defense - 60:00

% Time on Ice - Stars

Lines # - Real PCT - Wanted PCT - Time Play
Normal Forward
1 - 32% - 35% - 13:04
2 - 31% - 30% - 12:36
3 - 23% - 22% - 9:25
4 - 15% - 13% - 6:06
Normal Defense
1 - 29% - 35% - 11:53
2 - 34% - 30% - 14:06
3 - 26% - 22% - 10:45
4 - 11% - 13% - 4:27
PP Forward
1 - 53% - 60% - 4:01
2 - 47% - 40% - 3:31
PP Defense
1 - 54% - 60% - 4:03
2 - 46% - 40% - 3:29
PK Forward
1 - 73% - 60% - 7:27
2 - 27% - 40% - 2:43
PK Defense
1 - 71% - 60% - 7:16
2 - 29% - 40% - 2:54
PK3 Forward
1 - 0% - 60%
2 - 0% - 40%
PK3 Defense
1 - 0% - 60%
2 - 0% - 40%
44 Forward
1 - 100% - 60% - 0:09
2 - 0% - 40% - 0:00
44 Defense
1 - 100% - 60% - 0:09
2 - 0% - 40% - 0:00
Last Minute Offensive  - 0:00
Last Minute Defensive  - 0:58
Total
Forward - 60:00
Defense - 60:00

Play by Play

1st period


0:01 of 1st period - Stephen Weiss wins face-off versus Erik Haula in neutral zone.
0:14 of 1st period - Snap shot by David Jones.
0:14 of 1st period - Stopped by Joacim Eriksson without a rebound.
0:15 of 1st period - Stephen Weiss wins face-off versus Erik Haula in Stars zone.
2:05 of 1st period - Wrist shot by Cory Conacher.
2:05 of 1st period - Shot Misses the Net.
2:07 of 1st period - Slapshot by Joe Corvo.
2:07 of 1st period - Shot Blocked by Markus Granlund.
2:09 of 1st period - Slapshot by Aaron Johnson.
2:09 of 1st period - Stopped by Mike McKenna without a rebound.
2:10 of 1st period - Brian Boyle wins face-off versus Markus Granlund in Coyotes zone.
3:09 of 1st period - Snap shot by David Jones.
3:09 of 1st period - Stopped by Joacim Eriksson with a rebound.
3:11 of 1st period - Slapshot by Stephen Weiss.
3:11 of 1st period - Stopped by Joacim Eriksson without a rebound.
3:12 of 1st period - Zach Sill wins face-off versus Joakim Andersson in Stars zone.
3:12 of 1st period - Zach Sill is hit by Eric Nystrom.
3:34 of 1st period - Minor Penalty to Zach Sill for Slashing.
3:35 of 1st period - Stephen Weiss wins face-off versus Rob Klinkhammer in Stars zone.
4:07 of 1st period - Off-side.
4:08 of 1st period - Pierre-Marc Bouchard wins face-off versus Rob Klinkhammer in neutral zone.
4:27 of 1st period - Wrist shot by Markus Granlund.
4:27 of 1st period - Shot Misses the Net.
5:03 of 1st period - Joe Corvo is hit by David Jones and loses puck.
5:34 of 1st period - Penalty to Zach Sill is over, Zach Sill is back on ice.
5:56 of 1st period - Tom Gilbert is hit by Brandon Kozun and loses puck.
6:11 of 1st period - Wrist shot by Paul Byron.
6:11 of 1st period - Shot Misses the Net.
6:13 of 1st period - Slapshot by Matt Gilroy.
6:13 of 1st period - Shot Misses the Net.
6:15 of 1st period - Wrist shot by Markus Granlund.
6:15 of 1st period - Stopped by Joacim Eriksson without a rebound.
6:16 of 1st period - Erik Haula wins face-off versus Markus Granlund in Stars zone.
7:21 of 1st period - Slapshot by Brian Boyle.
7:21 of 1st period - Shot Blocked by T.J. Brennan.
7:39 of 1st period - Snap shot by Pierre-Marc Bouchard.
7:39 of 1st period - Deflect By John Moore.
7:39 of 1st period - Shot Misses the Net.
7:39 of 1st period - Puck is out of play.
7:40 of 1st period - Joakim Andersson wins face-off versus Michael Ryder in Stars zone.
7:44 of 1st period - Minor Penalty to Brandon Kozun for High sticking.
7:45 of 1st period - Rob Klinkhammer wins face-off versus Markus Granlund in Stars zone.
8:21 of 1st period - Snap shot by Jaden Schwartz.
8:21 of 1st period - Shot Misses the Net.
9:26 of 1st period - Eric Brewer is hit by Markus Granlund and loses puck.
9:41 of 1st period - T.J. Brennan is hit by Brian Boyle and loses puck.
9:44 of 1st period - Penalty to Brandon Kozun is over, Brandon Kozun is back on ice.
11:27 of 1st period - Paul Byron is hit by Miikka Salomaki and loses puck.
12:37 of 1st period - Slapshot by Paul Byron.
12:37 of 1st period - Stopped by Joacim Eriksson without a rebound.
12:38 of 1st period - Markus Granlund wins face-off versus Daniel Cleary in Stars zone.
13:15 of 1st period - David Jones is hit by Brian Boyle and loses puck.
14:02 of 1st period - Snap shot by Eric Brewer.
14:02 of 1st period - Shot Misses the Net.
14:04 of 1st period - Slapshot by Eric Brewer.
14:04 of 1st period - Shot Hit the Post.
14:45 of 1st period - Off-side.
14:46 of 1st period - Markus Granlund wins face-off versus Zach Sill in neutral zone.
16:09 of 1st period - Daniel Cleary is hit by T.J. Brennan and loses puck.
16:18 of 1st period - Snap shot by Aaron Palushaj.
16:18 of 1st period - Deflect By Markus Granlund.
16:18 of 1st period - Shot Blocked by Dmitry Orlov.
16:18 of 1st period - Puck is out of play.
16:19 of 1st period - Zach Sill wins face-off versus Markus Granlund in Stars zone.
16:33 of 1st period - Snap shot by Cory Conacher.
16:33 of 1st period - Shot Misses the Net.
16:35 of 1st period - Snap shot by Zach Sill.
16:35 of 1st period - Shot Misses the Net.
16:48 of 1st period - Off-side.
16:49 of 1st period - Brian Boyle wins face-off versus Joakim Andersson in neutral zone.
16:52 of 1st period - Slapshot by Joe Corvo.
16:52 of 1st period - Stopped by Mike McKenna with a rebound.
17:27 of 1st period - Snap shot by Miikka Salomaki.
17:27 of 1st period - Deflect By Michael Ryder.
17:27 of 1st period - Shot Blocked by T.J. Brennan.
17:27 of 1st period - Puck is out of play.
17:28 of 1st period - Stephen Weiss wins face-off versus Michael Ryder in Coyotes zone.
17:30 of 1st period - Minor Penalty to Jaden Schwartz for Holding.
17:31 of 1st period - Michael Ryder wins face-off versus Markus Granlund in Coyotes zone.
17:31 of 1st period - Slapshot by Daniel Cleary.
17:31 of 1st period - Shot Misses the Net.
17:33 of 1st period - Snap shot by Daniel Cleary.
17:33 of 1st period - Goal by Daniel Cleary - Coyotes : 0 - Stars : 1.
17:34 of 1st period - Stephen Weiss wins face-off versus Zach Sill in neutral zone.
17:45 of 1st period - Patrick Eaves is hit by Michael Kostka and loses puck.
19:18 of 1st period - Snap shot by Michael Ryder.
19:18 of 1st period - Stopped by Mike McKenna with a rebound.
19:20 of 1st period - Slapshot by Aaron Johnson.
19:20 of 1st period - Stopped by Mike McKenna with a rebound.
19:22 of 1st period - Wrist shot by Michael Ryder.
19:22 of 1st period - Stopped by Mike McKenna without a rebound.
19:23 of 1st period - Erik Haula wins face-off versus Stephen Weiss in Coyotes zone.
19:37 of 1st period - Jaden Schwartz is hit by Aaron Johnson and loses puck.
Goals for this period are 0 for Coyotes vs 1 for Stars.
Shots for this period are 5 for Coyotes vs 6 for Stars.

2nd period


0:01 of 2nd period - Zach Sill wins face-off versus Stephen Weiss in neutral zone.
0:04 of 2nd period - Stephen Weiss is hit by Zach Sill and loses puck.
0:24 of 2nd period - Slapshot by Cory Conacher.
0:24 of 2nd period - Stopped by Mike McKenna without a rebound.
0:25 of 2nd period - Erik Haula wins face-off versus Joakim Andersson in Coyotes zone.
0:30 of 2nd period - Wrist shot by Daniel Cleary.
0:30 of 2nd period - Shot Blocked by T.J. Brennan.
0:32 of 2nd period - Wrist shot by Dmitry Orlov.
0:32 of 2nd period - Shot Misses the Net.
0:34 of 2nd period - Snap shot by Erik Haula.
0:34 of 2nd period - Stopped by Mike McKenna without a rebound.
0:35 of 2nd period - Joakim Andersson wins face-off versus Erik Haula in Coyotes zone.
1:07 of 2nd period - Snap shot by Michael Ryder.
1:07 of 2nd period - Shot Blocked by T.J. Brennan.
1:35 of 2nd period - Snap shot by Cory Conacher.
1:35 of 2nd period - Goal by Cory Conacher - Coyotes : 0 - Stars : 2.
1:36 of 2nd period - Stephen Weiss wins face-off versus Zach Sill in neutral zone.
1:53 of 2nd period - Snap shot by Jaden Schwartz.
1:53 of 2nd period - Shot Misses the Net.
1:55 of 2nd period - Wrist shot by Stephen Weiss.
1:55 of 2nd period - Shot Blocked by Eric Brewer.
2:04 of 2nd period - Icing by Eric Brewer.
2:05 of 2nd period - Zach Sill wins face-off versus Markus Granlund in Stars zone.
2:05 of 2nd period - Zach Sill is hit by Markus Granlund.
2:20 of 2nd period - Slapshot by John Moore.
2:20 of 2nd period - Shot Blocked by Evan Oberg.
2:22 of 2nd period - Slapshot by Eric Brewer.
2:22 of 2nd period - Shot Blocked by Paul Byron.
2:34 of 2nd period - Snap shot by Erik Haula.
2:34 of 2nd period - Shot Misses the Net.
2:36 of 2nd period - Snap shot by Erik Haula.
2:36 of 2nd period - Stopped by Mike McKenna with a rebound.
2:38 of 2nd period - Snap shot by Daniel Cleary.
2:38 of 2nd period - Stopped by Mike McKenna with a rebound.
2:40 of 2nd period - Slapshot by Joe Corvo.
2:40 of 2nd period - Shot Misses the Net.
2:42 of 2nd period - Slapshot by Aaron Johnson.
2:42 of 2nd period - Stopped by Mike McKenna without a rebound.
2:43 of 2nd period - Stephen Weiss wins face-off versus Brian Boyle in Coyotes zone.
2:45 of 2nd period - Minor Penalty to Michael Kostka for Holding.
2:46 of 2nd period - Michael Ryder wins face-off versus Markus Granlund in Coyotes zone.
2:46 of 2nd period - Wrist shot by Daniel Cleary.
2:46 of 2nd period - Goal by Daniel Cleary - Coyotes : 0 - Stars : 3.
2:47 of 2nd period - Cory Conacher wins face-off versus Stephen Weiss in neutral zone.
3:00 of 2nd period - Snap shot by Cory Conacher.
3:00 of 2nd period - Shot Misses the Net.
3:22 of 2nd period - Wrist shot by Tom Gilbert.
3:22 of 2nd period - Deflect By Eric Brewer.
3:22 of 2nd period - Goal by Tom Gilbert - Coyotes : 1 - Stars : 3.
3:23 of 2nd period - Joakim Andersson wins face-off versus Erik Haula in neutral zone.
3:59 of 2nd period - Slapshot by Joe Corvo.
3:59 of 2nd period - Stopped by Mike McKenna without a rebound.
4:00 of 2nd period - Brian Boyle wins face-off versus Stephen Weiss in Coyotes zone.
4:23 of 2nd period - T.J. Brennan is hit by Brian Boyle and loses puck.
4:54 of 2nd period - Snap shot by Patrick Eaves.
4:54 of 2nd period - Stopped by Mike McKenna with a rebound.
5:02 of 2nd period - Snap shot by Cory Conacher.
5:02 of 2nd period - Deflect By Patrick Eaves.
5:02 of 2nd period - Shot Misses the Net.
5:02 of 2nd period - Puck is out of play.
5:03 of 2nd period - Michael Ryder wins face-off versus Joakim Andersson in Coyotes zone.
5:24 of 2nd period - Snap shot by Miikka Salomaki.
5:24 of 2nd period - Deflect By Michael Ryder.
5:24 of 2nd period - Shot Blocked by Tom Gilbert.
5:24 of 2nd period - Puck is out of play.
5:25 of 2nd period - Cory Conacher wins face-off versus Markus Granlund in Coyotes zone.
5:32 of 2nd period - Slapshot by Joe Corvo.
5:32 of 2nd period - Stopped by Mike McKenna with a rebound.
5:46 of 2nd period - Wrist shot by Cory Conacher.
5:46 of 2nd period - Stopped by Mike McKenna without a rebound.
5:47 of 2nd period - Stephen Weiss wins face-off versus Erik Haula in Coyotes zone.
5:52 of 2nd period - Slapshot by Jaden Schwartz.
5:52 of 2nd period - Deflect By Daniel Cleary.
5:52 of 2nd period - Shot Misses the Net.
5:52 of 2nd period - Puck is out of play.
5:53 of 2nd period - Stephen Weiss wins face-off versus Erik Haula in Stars zone.
6:07 of 2nd period - Off-side.
6:08 of 2nd period - Zach Sill wins face-off versus Joakim Andersson in neutral zone.
7:25 of 2nd period - Wrist shot by Daniel Cleary.
7:25 of 2nd period - Shot Blocked by Jaden Schwartz.
7:57 of 2nd period - Wrist shot by Brian Boyle.
7:57 of 2nd period - Shot Blocked by Jaden Schwartz.
7:59 of 2nd period - Snap shot by Brian Boyle.
7:59 of 2nd period - Shot Misses the Net.
8:01 of 2nd period - Backhand shot by Brett Ritchie.
8:01 of 2nd period - Stopped by Mike McKenna without a rebound.
8:02 of 2nd period - Michael Ryder wins face-off versus Markus Granlund in Coyotes zone.
8:03 of 2nd period - Slapshot by Miikka Salomaki.
8:03 of 2nd period - Shot Misses the Net.
9:05 of 2nd period - Snap shot by Cory Conacher.
9:05 of 2nd period - Stopped by Mike McKenna with a rebound.
10:07 of 2nd period - Markus Granlund is hit by Daniel Cleary and loses puck.
10:42 of 2nd period - Backhand shot by Jaden Schwartz.
10:42 of 2nd period - Shot Blocked by Zach Sill.
11:03 of 2nd period - Snap shot by Eric Nystrom.
11:03 of 2nd period - Shot Blocked by Miikka Salomaki.
12:36 of 2nd period - Snap shot by Pierre-Marc Bouchard.
12:36 of 2nd period - Deflect By Joakim Andersson.
12:36 of 2nd period - Shot Misses the Net.
12:36 of 2nd period - Puck is out of play.
12:37 of 2nd period - Brett Ritchie wins face-off versus Eric Nystrom in Stars zone.
12:45 of 2nd period - Snap shot by Brett Ritchie.
12:45 of 2nd period - Deflect By Joakim Andersson.
12:45 of 2nd period - Shot Misses the Net.
12:45 of 2nd period - Puck is out of play.
12:46 of 2nd period - Joakim Andersson wins face-off versus Brian Boyle in Coyotes zone.
12:51 of 2nd period - Brett Ritchie is hit by Michael Kostka and loses puck.
13:42 of 2nd period - Jaden Schwartz is hit by John Moore and loses puck.
14:30 of 2nd period - Minor Penalty to Sean Monahan for Interference.
14:31 of 2nd period - Markus Granlund wins face-off versus Rob Klinkhammer in Coyotes zone.
15:10 of 2nd period - Eric Nystrom is hit by Eric Brewer.
16:13 of 2nd period - Eric Brewer is hit by David Jones and loses puck.
16:30 of 2nd period - Penalty to Sean Monahan is over, Sean Monahan is back on ice.
17:57 of 2nd period - David Jones is hit by Erik Haula and loses puck.
18:04 of 2nd period - Jaden Schwartz is hit by Michael Ryder and loses puck.
18:39 of 2nd period - Wrist shot by Miikka Salomaki.
18:39 of 2nd period - Shot Hit the Post.
18:46 of 2nd period - Snap shot by Brian Boyle.
18:46 of 2nd period - Shot Misses the Net.
18:48 of 2nd period - Wrist shot by Brian Boyle.
18:48 of 2nd period - Stopped by Mike McKenna with a rebound.
18:50 of 2nd period - Snap shot by Brian Boyle.
18:50 of 2nd period - Goal by Brian Boyle - Coyotes : 1 - Stars : 4.
18:51 of 2nd period - Stephen Weiss wins face-off versus Zach Sill in neutral zone.
18:58 of 2nd period - Wrist shot by Jaden Schwartz.
18:58 of 2nd period - Stopped by Joacim Eriksson with a rebound.
19:40 of 2nd period - Minor Penalty to Miikka Salomaki for Hooking.
19:41 of 2nd period - Markus Granlund wins face-off versus Rob Klinkhammer in Stars zone.
19:42 of 2nd period - Slapshot by Pierre-Marc Bouchard.
19:42 of 2nd period - Stopped by Joacim Eriksson with a rebound.
19:44 of 2nd period - Wrist shot by Markus Granlund.
19:44 of 2nd period - Shot Misses the Net.
Goals for this period are 1 for Coyotes vs 3 for Stars.
Shots for this period are 3 for Coyotes vs 15 for Stars.

3rd period


0:01 of 3rd period - Stephen Weiss wins face-off versus Rob Klinkhammer in neutral zone.
0:10 of 3rd period - Slapshot by Jaden Schwartz.
0:10 of 3rd period - Shot Misses the Net.
0:12 of 3rd period - Slapshot by Tom Gilbert.
0:12 of 3rd period - Shot Misses the Net.
0:16 of 3rd period - Snap shot by David Jones.
0:16 of 3rd period - Shot Blocked by Patrick Eaves.
0:18 of 3rd period - Slapshot by Michael Kostka.
0:18 of 3rd period - Stopped by Joacim Eriksson with a rebound.
0:20 of 3rd period - Slapshot by Tom Gilbert.
0:20 of 3rd period - Stopped by Joacim Eriksson without a rebound.
0:21 of 3rd period - Markus Granlund wins face-off versus Rob Klinkhammer in Stars zone.
0:22 of 3rd period - Snap shot by Pierre-Marc Bouchard.
0:22 of 3rd period - Shot Misses the Net.
0:24 of 3rd period - Slapshot by Tom Gilbert.
0:24 of 3rd period - Stopped by Joacim Eriksson without a rebound.
0:25 of 3rd period - Rob Klinkhammer wins face-off versus Markus Granlund in Stars zone.
0:38 of 3rd period - Slapshot by Tom Gilbert.
0:38 of 3rd period - Deflect By Markus Granlund.
0:38 of 3rd period - Shot Misses the Net.
0:38 of 3rd period - Puck is out of play.
0:39 of 3rd period - Markus Granlund wins face-off versus Rob Klinkhammer in Stars zone.
0:40 of 3rd period - Wrist shot by Pierre-Marc Bouchard.
0:40 of 3rd period - Stopped by Joacim Eriksson with a rebound.
0:42 of 3rd period - Wrist shot by Eric Nystrom.
0:42 of 3rd period - Shot Blocked by Patrick Eaves.
0:44 of 3rd period - Wrist shot by Eric Nystrom.
0:44 of 3rd period - Stopped by Joacim Eriksson with a rebound.
0:46 of 3rd period - Wrist shot by Tom Gilbert.
0:46 of 3rd period - Stopped by Joacim Eriksson with a rebound.
0:48 of 3rd period - Snap shot by Eric Nystrom.
0:48 of 3rd period - Goal by Eric Nystrom - Coyotes : 2 - Stars : 4.
0:49 of 3rd period - Stephen Weiss wins face-off versus Erik Haula in neutral zone.
1:13 of 3rd period - Off-side.
1:14 of 3rd period - Zach Sill wins face-off versus Joakim Andersson in neutral zone.
1:25 of 3rd period - Wrist shot by Cory Conacher.
1:25 of 3rd period - Shot Misses the Net.
1:27 of 3rd period - Wrist shot by Zach Sill.
1:27 of 3rd period - Shot Misses the Net.
1:29 of 3rd period - Snap shot by Joe Corvo.
1:29 of 3rd period - Deflect By Matt Gilroy.
1:29 of 3rd period - Stopped by Mike McKenna with a rebound.
1:31 of 3rd period - Slapshot by Joe Corvo.
1:31 of 3rd period - Deflect By Cory Conacher.
1:31 of 3rd period - Shot Misses the Net.
1:31 of 3rd period - Puck is out of play.
1:32 of 3rd period - Joakim Andersson wins face-off versus Zach Sill in Coyotes zone.
1:32 of 3rd period - Joakim Andersson is hit by Zach Sill.
1:58 of 3rd period - Minor Penalty to Aaron Johnson for Goalie Interference.
1:59 of 3rd period - Rob Klinkhammer wins face-off versus Stephen Weiss in Stars zone.
2:16 of 3rd period - Eric Brewer is hit by David Jones.
2:30 of 3rd period - Snap shot by Michael Kostka.
2:30 of 3rd period - Shot Blocked by Eric Brewer.
2:32 of 3rd period - Slapshot by Michael Kostka.
2:32 of 3rd period - Stopped by Joacim Eriksson with a rebound.
2:34 of 3rd period - Slapshot by Jaden Schwartz.
2:34 of 3rd period - Shot Blocked by Rob Klinkhammer.
2:52 of 3rd period - Eric Brewer is hit by Markus Granlund and loses puck.
3:09 of 3rd period - Wrist shot by Pierre-Marc Bouchard.
3:09 of 3rd period - Shot Misses the Net.
3:11 of 3rd period - Slapshot by T.J. Brennan.
3:11 of 3rd period - Shot Blocked by Rob Klinkhammer.
3:13 of 3rd period - Wrist shot by Eric Nystrom.
3:13 of 3rd period - Goal by Eric Nystrom - Coyotes : 3 - Stars : 4.
3:14 of 3rd period - Erik Haula wins face-off versus Markus Granlund in neutral zone.
3:34 of 3rd period - Snap shot by Michael Ryder.
3:34 of 3rd period - Shot Misses the Net.
3:36 of 3rd period - Wrist shot by Daniel Cleary.
3:36 of 3rd period - Stopped by Mike McKenna with a rebound.
3:38 of 3rd period - Slapshot by Dmitry Orlov.
3:38 of 3rd period - Deflect By Erik Haula.
3:38 of 3rd period - Shot Blocked by Matt Gilroy.
3:38 of 3rd period - Puck is out of play.
3:39 of 3rd period - Stephen Weiss wins face-off versus Michael Ryder in Coyotes zone.
3:51 of 3rd period - Minor Penalty to Brandon Kozun for Boarding.
3:52 of 3rd period - Stephen Weiss wins face-off versus Rob Klinkhammer in Stars zone.
4:16 of 3rd period - John Moore is hit by Michael Kostka.
4:23 of 3rd period - Icing by Michael Kostka.
4:24 of 3rd period - Stephen Weiss wins face-off versus Rob Klinkhammer in Coyotes zone.
4:44 of 3rd period - Icing by Stephen Weiss.
4:45 of 3rd period - Stephen Weiss wins face-off versus Rob Klinkhammer in Coyotes zone.
5:20 of 3rd period - Wrist shot by Cory Conacher.
5:20 of 3rd period - Shot Misses the Net.
5:51 of 3rd period - Penalty to Brandon Kozun is over, Brandon Kozun is back on ice.
6:23 of 3rd period - Snap shot by Michael Ryder.
6:23 of 3rd period - Shot Misses the Net.
6:46 of 3rd period - Snap shot by Aaron Palushaj.
6:46 of 3rd period - Stopped by Joacim Eriksson with a rebound.
6:48 of 3rd period - Slapshot by Michal Jordan.
6:48 of 3rd period - Stopped by Joacim Eriksson without a rebound.
6:49 of 3rd period - Brian Boyle wins face-off versus Markus Granlund in Stars zone.
7:31 of 3rd period - Minor Penalty to Aaron Palushaj for Interference.
7:32 of 3rd period - Michael Ryder wins face-off versus Jaden Schwartz in Coyotes zone.
7:32 of 3rd period - Slapshot by Joe Corvo.
7:32 of 3rd period - Shot Blocked by Tom Gilbert.
7:34 of 3rd period - Snap shot by Daniel Cleary.
7:34 of 3rd period - Shot Misses the Net.
7:36 of 3rd period - Slapshot by Joe Corvo.
7:36 of 3rd period - Shot Blocked by Tom Gilbert.
7:38 of 3rd period - Slapshot by Brett Ritchie.
7:38 of 3rd period - Stopped by Mike McKenna with a rebound.
7:56 of 3rd period - Brett Ritchie is hit by Tom Gilbert.
8:22 of 3rd period - Snap shot by Eric Nystrom.
8:22 of 3rd period - Shot Blocked by Joe Corvo.
8:24 of 3rd period - Snap shot by Eric Nystrom.
8:24 of 3rd period - Goal by Eric Nystrom - Coyotes : 4 - Stars : 4.
8:25 of 3rd period - Michael Ryder wins face-off versus Markus Granlund in neutral zone.
8:38 of 3rd period - Snap shot by Eric Nystrom.
8:38 of 3rd period - Stopped by Joacim Eriksson without a rebound.
8:39 of 3rd period - Markus Granlund wins face-off versus Michael Ryder in Stars zone.
8:48 of 3rd period - Snap shot by Eric Nystrom.
8:48 of 3rd period - Stopped by Joacim Eriksson with a rebound.
8:50 of 3rd period - Slapshot by Tom Gilbert.
8:50 of 3rd period - Stopped by Joacim Eriksson without a rebound.
8:51 of 3rd period - Markus Granlund wins face-off versus Rob Klinkhammer in Stars zone.
9:31 of 3rd period - Penalty to Aaron Palushaj is over, Aaron Palushaj is back on ice.
9:38 of 3rd period - Wrist shot by Joe Corvo.
9:38 of 3rd period - Stopped by Mike McKenna without a rebound.
9:39 of 3rd period - Stephen Weiss wins face-off versus Michael Ryder in Coyotes zone.
9:55 of 3rd period - Off-side.
9:56 of 3rd period - Stephen Weiss wins face-off versus Patrick Eaves in neutral zone.
10:24 of 3rd period - Snap shot by Cory Conacher.
10:24 of 3rd period - Shot Misses the Net.
11:32 of 3rd period - Minor Penalty to Michael Ryder for High sticking.
11:33 of 3rd period - Rob Klinkhammer wins face-off versus Stephen Weiss in Stars zone.
11:33 of 3rd period - Rob Klinkhammer is hit by Jaden Schwartz.
11:49 of 3rd period - Snap shot by Jaden Schwartz.
11:49 of 3rd period - Shot Misses the Net.
11:51 of 3rd period - Slapshot by Michael Kostka.
11:51 of 3rd period - Shot Blocked by Ian Cole.
12:24 of 3rd period - Icing by Stephen Weiss.
12:25 of 3rd period - Stephen Weiss wins face-off versus Daniel Cleary in Coyotes zone.
12:29 of 3rd period - Off-side.
12:30 of 3rd period - Daniel Cleary wins face-off versus Stephen Weiss in neutral zone.
12:37 of 3rd period - Snap shot by Cory Conacher.
12:37 of 3rd period - Stopped by Mike McKenna without a rebound.
12:38 of 3rd period - Stephen Weiss wins face-off versus Daniel Cleary in Coyotes zone.
13:05 of 3rd period - Wrist shot by Rob Klinkhammer.
13:05 of 3rd period - Shot Blocked by T.J. Brennan.
13:22 of 3rd period - Double Minor Penalty to T.J. Brennan for High sticking.
13:23 of 3rd period - Patrick Eaves wins face-off versus Dale Weise in Coyotes zone.
13:24 of 3rd period - Snap shot by Rob Klinkhammer.
13:24 of 3rd period - Stopped by Mike McKenna without a rebound.
13:25 of 3rd period - Dale Weise wins face-off versus Patrick Eaves in Coyotes zone.
13:30 of 3rd period - Slapshot by Michael Kostka.
13:30 of 3rd period - Shot Misses the Net.
13:32 of 3rd period - Penalty to Michael Ryder is over, Michael Ryder is back on ice.
15:38 of 3rd period - Daniel Cleary is hit by Tom Gilbert and loses puck.
15:45 of 3rd period - Wrist shot by Ian Cole.
15:45 of 3rd period - Shot Misses the Net.
15:47 of 3rd period - Slapshot by Michael Ryder.
15:47 of 3rd period - Deflect By Daniel Cleary.
15:47 of 3rd period - Shot Blocked by Tom Gilbert.
15:47 of 3rd period - Puck is out of play.
15:48 of 3rd period - Sean Monahan wins face-off versus Michael Ryder in Coyotes zone.
16:56 of 3rd period - Evan Oberg is hit by Patrick Eaves and loses puck.
17:01 of 3rd period - Wrist shot by Cory Conacher.
17:01 of 3rd period - Goal by Cory Conacher - Coyotes : 4 - Stars : 5.
17:02 of 3rd period - Stephen Weiss wins face-off versus Brandon Kozun in neutral zone.
17:33 of 3rd period - Wrist shot by Patrick Eaves.
17:33 of 3rd period - Shot Misses the Net.
17:53 of 3rd period - Dmitry Orlov is hit by T.J. Brennan and loses puck.
18:28 of 3rd period - Slapshot by Tom Gilbert.
18:28 of 3rd period - Shot Misses the Net.
18:53 of 3rd period - Tom Gilbert is hit by Erik Haula and loses puck.
19:06 of 3rd period - Coyotes, Mike McKenna is pulled from the net.
19:56 of 3rd period - Snap shot by Tom Gilbert.
19:56 of 3rd period - Shot Misses the Net.
Goals for this period are 3 for Coyotes vs 1 for Stars.
Shots for this period are 15 for Coyotes vs 7 for Stars.


Output by the SimonT Hockey Simulator (STHS) for Eric Dolegowski -- Original Page W3C XHTML 1.0 Valid
Hockey Simulator - Hockey Simulation - Hockey Manager